PCL
FRESNO GRIZZLIES @ COLORADO SPRINGS SKY SOX
08/12/2098
 
TOP OF THE 1ST
Fresno Grizzlies batting - Pitching for Colorado Springs Sky Sox : RHP Eric Lawrence
Pitching: RHP Eric Lawrence
Batting: RHB Bret Payne 0-0: Fly out, F7 (Flyball, 7S, EV 88.8 MPH)
Batting: RHB Del Bannerman 0-0: Fly out, F7 (Line Drive, 7, EV 97.5 MPH)
Batting: RHB Tony Tenesaca 0-0: Ball
1-0: Ball
2-0: Foul Ball, location: 2F
2-1: Swinging Strike
2-2: Foul Ball, location: 3DF
2-2: Ball
3-2: Foul Ball, location: 5F
3-2: Base on Balls
Batting: RHB Justin Haug 0-0: Ball
1-0: Fly out, F3 (Popup, 3S, EV 62.5 MPH)
Top of the 1st over - 0 runs, 0 hits, 0 errors, 1 left on base; Fresno 0 - Colorado Springs 0
BOTTOM OF THE 1ST
Colorado Springs Sky Sox batting - Pitching for Fresno Grizzlies : RHP Kyle Benites
Pitching: RHP Kyle Benites
Batting: RHB Kevin Cannon 0-0: Ball
1-0: DOUBLE (Groundball, 5L, EV 104.4 MPH)
Batting: LHB Ron Lenz 0-0: Foul Ball, location: 2F
0-1: Fly out, F9 (Flyball, 9, EV 96.9 MPH)
Runner from 2nd tags up, SAFE at 3rd with throw by RF
Batting: RHB Tyler Naberhaus 0-0: Ball
1-0: Called Strike
1-1: Fly out, F7 (Flyball, 7S, EV 89.4 MPH)
Batting: SHB Victor Pacheco 0-0: Ball
1-0: Swinging Strike
1-1: Foul Ball, location: 25F
1-2: Ball
2-2: Ball
3-2: Base on Balls
Batting: LHB Ivan Cano 0-0: Ball
1-0: Ball
2-0: Ball
3-0: Base on Balls
Victor Pacheco to second
Batting: LHB Shawn Smart 0-0: Called Strike
0-1: Swinging Strike
0-2: Foul Ball, location: 2F
0-2: Ball
1-2: Foul Ball, location: 9LDF
1-2: Foul Ball, location: 2F
1-2: Foul Ball, location: 2F
1-2: Strikes out swinging
Bottom of the 1st over - 0 runs, 1 hit, 0 errors, 3 left on base; Fresno 0 - Colorado Springs 0
TOP OF THE 2ND
Fresno Grizzlies batting - Pitching for Colorado Springs Sky Sox : RHP Eric Lawrence
Batting: LHB Dan Brockman 0-0: Called Strike
0-1: Called Strike
0-2: Strikes out looking
Batting: RHB Aaron McNelley 0-0: Called Strike
0-1: Swinging Strike
0-2: Ground out 5-3 (Groundball, 25, EV 103.1 MPH)
Batting: RHB Steve Bracken 0-0: Ball
1-0: Ball
2-0: Ball
3-0: Base on Balls
Batting: RHB Chase Bavaro 0-0: Ground out 2-3 (Groundball, 13S, EV 66.9 MPH)
Top of the 2nd over - 0 runs, 0 hits, 0 errors, 1 left on base; Fresno 0 - Colorado Springs 0
BOTTOM OF THE 2ND
Colorado Springs Sky Sox batting - Pitching for Fresno Grizzlies : RHP Kyle Benites
Batting: RHB Nate Todaro 0-0: Called Strike
0-1: Ball
1-1: Ball
2-1: Fly out, F4 (Popup, 23, EV 90.0 MPH)
Batting: LHB Ernie Vavro 0-0: Ball
1-0: Foul Ball, location: 23F
1-1: Foul Ball, location: 3F
1-2: Ball
2-2: Ball
3-2: DOUBLE (Groundball, 3L, EV 109.4 MPH)
Batting: RHB Jim Pilliod 0-0: Ball
1-0: Swinging Strike
1-1: Foul Ball, location: 2F
1-2: SINGLE (Line Drive, 78S, EV 107.5 MPH)
Ernie Vavro to third
Runner from 3rd tries for Home, SAFE, throw by CF to home
Batting: RHB Kevin Cannon 0-0: Ball
1-0: Swinging Strike
1-1: Called Strike
1-2: Ball
2-2: Ground out 5-3 (Groundball, 56S, EV 70.6 MPH)
Jim Pilliod to second
Batting: LHB Ron Lenz 0-0: Called Strike
0-1: Ball
1-1: Swinging Strike
1-2: Ball
2-2: Ground out 4-3 (Groundball, 34, EV 87.5 MPH)
Bottom of the 2nd over - 1 run, 2 hits, 0 errors, 1 left on base; Fresno 0 - Colorado Springs 1
TOP OF THE 3RD
Fresno Grizzlies batting - Pitching for Colorado Springs Sky Sox : RHP Eric Lawrence
Batting: RHB Michael Harrison 0-0: Ball
1-0: Ball
2-0: Called Strike
2-1: Called Strike
2-2: Ball
3-2: Ground out U3 (Groundball, 34S, EV 85.0 MPH)
Batting: RHB Bret Payne 0-0: Fly out, F9 (Flyball, 9, EV 99.4 MPH)
Batting: RHB Del Bannerman 0-0: Foul Ball, location: 3F
0-1: Swinging Strike
0-2: Strikes out swinging
Top of the 3rd over - 0 runs, 0 hits, 0 errors, 0 left on base; Fresno 0 - Colorado Springs 1
BOTTOM OF THE 3RD
Colorado Springs Sky Sox batting - Pitching for Fresno Grizzlies : RHP Kyle Benites
Batting: RHB Tyler Naberhaus 0-0: Called Strike
0-1: Called Strike
0-2: Ball
1-2: Ball
2-2: Ball
3-2: Ground out 5-3 (Groundball, 5, EV 95.6 MPH)
Batting: SHB Victor Pacheco 0-0: Ball
1-0: Called Strike
1-1: Ball
2-1: Foul Ball, location: 23F
2-2: Foul Ball, location: 2F
2-2: Foul Ball, location: 23FF
2-2: Strikes out looking
Batting: LHB Ivan Cano 0-0: Called Strike
0-1: Ball
1-1: Ball
2-1: Ground out 5-3 (Groundball, 5, EV 91.3 MPH)
Bottom of the 3rd over - 0 runs, 0 hits, 0 errors, 0 left on base; Fresno 0 - Colorado Springs 1
TOP OF THE 4TH
Fresno Grizzlies batting - Pitching for Colorado Springs Sky Sox : RHP Eric Lawrence
Batting: RHB Tony Tenesaca 0-0: Ball
1-0: SINGLE (Flyball, 8RS, EV 95.6 MPH)
Batting: RHB Justin Haug 0-0: Grounds into double play, 5-4-3 (Groundball, 56, EV 97.5 MPH)
Batting: LHB Dan Brockman 0-0: Ball
1-0: Ball
2-0: Foul Ball, location: 5F
2-1: Foul Ball, location: 7LDF
2-2: Foul Ball, location: 2F
2-2: Foul Ball, location: 2F
2-2: Foul Ball, location: 25F
2-2: Ball
3-2: Hit by Pitch
Batting: RHB Aaron McNelley 0-0: Foul Ball, location: 9LMF
0-1: Ball
1-1: Foul Ball, location: 9LSF
1-2: Foul Ball, location: 5F
1-2: Ball
2-2: Strikes out swinging
Top of the 4th over - 0 runs, 1 hit, 0 errors, 1 left on base; Fresno 0 - Colorado Springs 1
BOTTOM OF THE 4TH
Colorado Springs Sky Sox batting - Pitching for Fresno Grizzlies : RHP Kyle Benites
Batting: LHB Shawn Smart 0-0: Called Strike
0-1: Called Strike
0-2: Hit by Pitch
Batting: RHB Nate Todaro 0-0: Called Strike
0-1: Foul Ball, location: 2F
0-2: Ball
1-2: Ball
2-2: 2-RUN HOME RUN (Flyball, 7D, EV 99.4 MPH), Distance : 371 ft
Batting: LHB Ernie Vavro 0-0: Foul Ball, location: 23F
0-1: SINGLE (Line Drive, 4M, EV 102.5 MPH)
Batting: RHB Jim Pilliod 0-0: Fly out, F8 (Flyball, 78M, EV 90.6 MPH)
Batting: RHB Kevin Cannon 0-0: Fly out, F8 (Flyball, 8RM, EV 98.1 MPH)
Batting: LHB Ron Lenz 0-0: Called Strike
0-1: Called Strike
0-2: Ball
1-2: Foul Ball, location: 2F
1-2: Foul Ball, location: 25F
1-2: Fielders Choice at 2nd, 6-4 (Groundball, 6D, EV 99.4 MPH)
Bottom of the 4th over - 2 runs, 2 hits, 0 errors, 1 left on base; Fresno 0 - Colorado Springs 3
TOP OF THE 5TH
Fresno Grizzlies batting - Pitching for Colorado Springs Sky Sox : RHP Eric Lawrence
Batting: RHB Steve Bracken 0-0: Ball
1-0: Fly out, F7 (Flyball, 7S, EV 83.8 MPH)
Batting: RHB Chase Bavaro 0-0: Ground out 3-1 (Groundball, 34, EV 85.0 MPH)
Batting: RHB Michael Harrison 0-0: Ball
1-0: Called Strike
1-1: Fly out, F9 (Flyball, 89M, EV 81.3 MPH)
Top of the 5th over - 0 runs, 0 hits, 0 errors, 0 left on base; Fresno 0 - Colorado Springs 3
BOTTOM OF THE 5TH
Colorado Springs Sky Sox batting - Pitching for Fresno Grizzlies : RHP Kyle Benites
Batting: RHB Tyler Naberhaus 0-0: Ball
1-0: Called Strike
1-1: Ground out 5-3 (Groundball, 56, EV 77.5 MPH)
Batting: SHB Victor Pacheco 0-0: Ball
1-0: Ball
2-0: Ball
3-0: Base on Balls
Batting: LHB Ivan Cano 0-0: Called Strike
0-1: Ball
1-1: Foul Ball, location: 5SF
1-2: SINGLE (Flyball, 5D, EV 86.3 MPH)
Victor Pacheco to second
Batting: LHB Shawn Smart 0-0: Called Strike
0-1: Ball
1-1: Foul Ball, location: 2F
1-2: Ball
2-2: Foul Ball, location: 23FF
2-2: Foul Ball, location: 2F
2-2: Foul Ball, location: 2F
2-2: Ball
3-2: Fly out, F8 (Flyball, 78S, EV 95.0 MPH)
Batting: RHB Nate Todaro 0-0: DOUBLE (Groundball, 5L, EV 107.5 MPH)
Victor Pacheco scores
Ivan Cano to third
Batting: LHB Ernie Vavro 0-0: Ball
1-0: Foul Ball, location: 2LF
1-1: 3-RUN HOME RUN (Line Drive, 78XD, EV 103.1 MPH), Distance : 413 ft
Pitching: RHP Mike Hagerman
Batting: RHB Jim Pilliod 0-0: Fly out, F8 (Flyball, 78D, EV 110.0 MPH)
Bottom of the 5th over - 4 runs, 3 hits, 0 errors, 0 left on base; Fresno 0 - Colorado Springs 7
TOP OF THE 6TH
Fresno Grizzlies batting - Pitching for Colorado Springs Sky Sox : RHP Eric Lawrence
Batting: RHB Bret Payne 0-0: Ball
1-0: Foul Ball, location: 5FF
1-1: Ball
2-1: Ground out 6-3 (Groundball, 6, EV 76.9 MPH)
Batting: RHB Del Bannerman 0-0: Ball
1-0: Called Strike
1-1: Called Strike
1-2: Foul Ball, location: 5F
1-2: Strikes out swinging
Batting: RHB Tony Tenesaca 0-0: Swinging Strike
0-1: Ball
1-1: Foul Ball, location: 7LSF
1-2: Ball
2-2: SINGLE (Line Drive, 4D, EV 98.8 MPH)
Batting: RHB Justin Haug 0-0: Ball
1-0: Ball
2-0: Called Strike
2-1: TRIPLE (Flyball, 9LD, EV 107.5 MPH)
Tony Tenesaca scores
Batting: LHB Dan Brockman 0-0: Ball
1-0: Ball
2-0: Ball
3-0: Called Strike
3-1: Swinging Strike
3-2: Strikes out looking
Top of the 6th over - 1 run, 2 hits, 0 errors, 1 left on base; Fresno 1 - Colorado Springs 7
BOTTOM OF THE 6TH
Colorado Springs Sky Sox batting - Pitching for Fresno Grizzlies : RHP Mike Hagerman
Batting: RHB Kevin Cannon 0-0: DOUBLE (Line Drive, 89XD, EV 101.9 MPH)
Batting: LHB Ron Lenz 0-0: Called Strike
0-1: Swinging Strike
0-2: Ground out 4-3 (Groundball, 4, EV 97.5 MPH)
Kevin Cannon to third
Batting: RHB Tyler Naberhaus 0-0: Ball
1-0: Called Strike
1-1: Ball
Wild Pitch!
Kevin Cannon scores
2-1: SINGLE (Line Drive, 7S, EV 103.8 MPH)
Batting: SHB Victor Pacheco 0-0: Called Strike
0-1: Ball
1-1: Fly out, F8 (Line Drive, 89D, EV 90.0 MPH)
Batting: LHB Ivan Cano 0-0: Ball
1-0: Fly out, F8 (Flyball, 8LXD, EV 108.1 MPH)
Bottom of the 6th over - 1 run, 2 hits, 0 errors, 1 left on base; Fresno 1 - Colorado Springs 8
TOP OF THE 7TH
Fresno Grizzlies batting - Pitching for Colorado Springs Sky Sox : RHP Eric Lawrence
Pinch Hitting: RHB Bobby Mattox 0-0: Ball
1-0: Foul Ball, location: 3SF
1-1: Fly out, F9 (Flyball, 9, EV 82.5 MPH)
Batting: RHB Steve Bracken 0-0: Called Strike
0-1: Ball
1-1: Ground out 6-3 (Groundball, 6, EV 77.5 MPH)
Batting: RHB Chase Bavaro 0-0: Foul Ball, location: 2F
0-1: SINGLE (Groundball, 6MD, EV 101.9 MPH)
Batting: RHB Michael Harrison 0-0: Fielders Choice at 2nd, 5-4 (Groundball, 5L, EV 87.5 MPH)
Top of the 7th over - 0 runs, 1 hit, 0 errors, 1 left on base; Fresno 1 - Colorado Springs 8
BOTTOM OF THE 7TH
Colorado Springs Sky Sox batting - Pitching for Fresno Grizzlies : RHP Mike Hagerman
Now at 1B: Evan Duncan
Pinch Hitting: LHB Jose Claudio 0-0: Called Strike
0-1: Ball
1-1: SINGLE (Groundball, 4MD, EV 102.5 MPH)
Batting: RHB Nate Todaro 0-0: Called Strike
0-1: Called Strike
0-2: Foul Ball, location: 25F
0-2: Ball
1-2: Fielders Choice at 2nd, 5-4 (Groundball, 56, EV 85.6 MPH)
Batting: LHB Ernie Vavro 0-0: Fly out, F6 (Popup, 6MD, EV 49.4 MPH)
Batting: RHB Jim Pilliod 0-0: Called Strike
0-1: Ball
1-1: Ball
2-1: Ball
3-1: Called Strike
3-2: Fly out, F8 (Line Drive, 8LD, EV 87.5 MPH)
Bottom of the 7th over - 0 runs, 1 hit, 0 errors, 1 left on base; Fresno 1 - Colorado Springs 8
TOP OF THE 8TH
Fresno Grizzlies batting - Pitching for Colorado Springs Sky Sox : RHP Eric Lawrence
Now in LF: Ron Lenz
Now in RF: Jose Claudio
Batting: RHB Bret Payne 0-0: DOUBLE (Flyball, 8RD, EV 103.1 MPH)
Batting: RHB Del Bannerman 0-0: Ball
1-0: Ball
2-0: Fly out, F4 (Popup, 23, EV 83.8 MPH)
Batting: RHB Tony Tenesaca 0-0: Swinging Strike
0-1: Swinging Strike
0-2: Ball
1-2: Ball
2-2: Fly out, F8 (Flyball, 78D, EV 87.5 MPH)
Runner from 2nd tags up, SAFE at 3rd with throw by CF
Batting: RHB Justin Haug 0-0: SINGLE (Groundball, 6MD, EV 106.3 MPH)
Bret Payne scores
Batting: LHB Dan Brockman 0-0: Called Strike
0-1: Called Strike
0-2: Ball
1-2: Fielders Choice at 2nd, 6-4 (Groundball, 6, EV 90.0 MPH)
Top of the 8th over - 1 run, 2 hits, 0 errors, 1 left on base; Fresno 2 - Colorado Springs 8
BOTTOM OF THE 8TH
Colorado Springs Sky Sox batting - Pitching for Fresno Grizzlies : RHP Mike Hagerman
Batting: RHB Kevin Cannon 0-0: Ball
1-0: Ball
2-0: SINGLE (Line Drive, 8LS, EV 92.5 MPH)
Batting: LHB Ron Lenz 0-0: Called Strike
0-1: Fly out, F7 (Flyball, 7D, EV 97.5 MPH)
Batting: RHB Tyler Naberhaus 0-0: Swinging Strike
0-1: Called Strike
Kevin Cannon steals 2nd base
0-2: Ball
1-2: Ground out 6-3 (Groundball, 56, EV 101.3 MPH)
Batting: SHB Victor Pacheco 0-0: Ball
1-0: Swinging Strike
1-1: Ball
2-1: Swinging Strike
2-2: Ball
3-2: SINGLE (Line Drive, 78M, EV 99.4 MPH)
Kevin Cannon to third
Runner from 3rd tries for Home, SAFE, throw by CF to home
Victor Pacheco to second
Batting: LHB Ivan Cano 0-0: Ball
1-0: Fly out, F9 (Flyball, 9, EV 92.5 MPH)
Bottom of the 8th over - 1 run, 2 hits, 0 errors, 1 left on base; Fresno 2 - Colorado Springs 9
TOP OF THE 9TH
Fresno Grizzlies batting - Pitching for Colorado Springs Sky Sox : RHP Eric Lawrence
Batting: RHB Evan Duncan 0-0: SINGLE (Groundball, 4MD, EV 107.5 MPH)
Batting: RHB Steve Bracken 0-0: Ball
1-0: Foul Ball, location: 5F
1-1: Ball
2-1: Ball
3-1: Grounds into double play, 4-6-3 (Groundball, 4, EV 84.4 MPH)
Pinch Hitting: LHB Mike Palmer 0-0: Foul Ball, location: 7LSF
0-1: Foul Ball, location: 25FF
0-2: Strikes out looking
Top of the 9th over - 0 runs, 1 hit, 0 errors, 0 left on base; Fresno 2 - Colorado Springs 9
Friday, April 12th , 2024 - OOTP Baseball 24.11 Build 85